 Dungeon Crawl Stone Soup version 0.24-a0-539-g6aae15eeb0 (webtiles) character file.

Game seed: 2979266352574986356

11 Chiseanne the Magician (level 2, 4/19 HPs)
             Began as a Demonspawn Wizard on Aug 17, 2019.
             Quit the game on level 1 of the Dungeon.
             The game lasted 00:00:43 (302 turns).

Chiseanne the Magician (Demonspawn Wizard)           Turns: 302, Time: 00:00:43

Health: 4/19       AC:  2    Str:  7    XL:     2   Next: 13%
Magic:  2/6        EV: 12    Int: 19    God:
Gold:   12         SH:  0    Dex: 11    Spells: 6/7 levels left

rFire    . . .     SeeInvis .   c - +0 short sword
rCold    . . .     Gourm    .   (no shield)
rNeg     . . .     Faith    .   a - +0 robe
rPois    .         Spirit   .   b - +0 hat
rElec    .         Reflect  .   (no cloak)
rCorr    .         Harm     .   (no gloves)
MR       .....                  (no boots)
Stlth    ++........             (no amulet)
HPRegen  0.06/turn              (no ring)
MPRegen  0.10/turn              (no ring)

@: no status effects
A: talons 1
a: no special abilities


You were on level 1 of the Dungeon.
You were not hungry.

You visited 1 branch of the dungeon, and saw 1 of its levels.

You collected 12 gold pieces.

Inventory:

Hand Weapons
 c - a +0 short sword (weapon)
Armour
 a - a +0 robe (worn)
 b - a +0 hat (worn)
Comestibles
 d - a ration


   Skills:
 - Level 1.7 Dodging
 - Level 1.7 Stealth
 * Level 3.2 Spellcasting
 * Level 1.7 Conjurations
   Level 1.0 Summonings
   Level 0.8 Translocations


You had 6 spell levels left.
You knew the following spells:

 Your Spells              Type           Power        Failure   Level  Hunger
a - Magic Dart            Conj           #...         8%          1    None

Your spell library contained the following spells:

 Spells                   Type           Power        Failure   Level  Hunger
 Blink                    Tloc           N/A          16%         2    ##.....
 Call Imp                 Summ           #.......     16%         2    ##.....
 Slow                     Hex            #.......     22%         2    ##.....
 Conjure Flame            Conj/Fire      #.......     30%         3    ###....
 Mephitic Cloud           Conj/Pois/Air  #.......     34%         3    ###....


Dungeon Overview and Level Annotations

Branches:
Dungeon (1/15)

Altars:


Innate Abilities, Weirdness & Mutations

You have sharp toenails.


Message History

The jackal is severely wounded.
The jackal misses you. x2
You hit the jackal.
You kill the jackal!
You barely miss the kobold. The kobold hits you but does no damage.
The kobold misses you.
You barely miss the kobold. The kobold barely misses you.
You closely miss the kobold. The kobold closely misses you.
You barely miss the kobold. The kobold hits you.
* * * LOW HITPOINT WARNING * * *
You barely miss the kobold. The kobold hits you but does no damage.
You barely miss the kobold. The kobold closely misses you.
You barely miss the kobold. Your kick misses the kobold.
The kobold barely misses you.
You hit the kobold but do no damage. The kobold closely misses you.
You hit the kobold.
You kill the kobold!
Things that are here:
a jackal corpse x2
Are you sure you want to abandon this character and quit the game? (Confirm with "yes".)

#.# .#########.#
#...........#.#
#...........#.#
#.#..#..#...#.#
+..≈........#.#
#.8........<#.#
+..≈........#.#
#.#..#..#...#@#
#...........#.# .
#)..........#†#
...###.#########.#
#.....# #......#
#.###.####.######
#..........#
######.###.#
#...#.######


There were no monsters in sight!

Vanquished Creatures
  A goblin (D:1)
  3 jackals (D:1)
  3 bats (D:1)
  2 kobolds (D:1)
  A rat (D:1)
10 creatures vanquished.

Notes
Turn   | Place    | Note
-------+----------+-------------------------------------------
     0 | D:1      | Chiseanne the Demonspawn Wizard began the quest for the
                  | Orb.
     0 | D:1      | Reached XP level 1. HP: 13/13 MP: 4/4
   285 | D:1      | Gained mutation: You have sharp toenails. [demonic
                  | ancestry]
   285 | D:1      | Reached XP level 2. HP: 6/19 MP: 0/6
   302 | D:1      | Quit the game

Levels and vault maps discovered:
D:1:      shiori_arrival_oz, layout_basic

Action                   || total
-------------------------++-------
Melee: Short sword       ||    28
       Kick              ||     2
 Cast: Magic Dart        ||    17
Armor: Robe              ||    11
Dodge: Dodged            ||    28

Table legend:
 A = Non-vault XP
 B = Vault XP
 C = Vault XP percentage of total XP
 D = Non-vault monster count
 E = Vault monster count
 F = Vault count percentage of total count
                 A         B        C        D         E       F
            +---------+---------+-------+---------+---------+-------
      Total |      16 |       0 |   0.0 |      10 |       0 |   0.0
            +---------+---------+-------+---------+---------+-------
        D:1 |      16 |       0 |   0.0 |      10 |       0 |   0.0
            +---------+---------+-------+---------+---------+-------
